[ AOE2 MATCH · #507861185 ]
UnrankedMongols vs Mongols
Player's team · LOSS
Rival team · WIN
[ REPLAY ANALYSIS · EXTRACTED FROM THE RECORDED GAME ]
Feudal
13:28
Castle
37:33
Imperial
—
| APM avg | 56.0 |
| APM peak | 86 |
| eAPM avg | 26.3 |
| Villagers / military | 91 / 43 |
Focus
⚔️ 28.4% · 🌾 71.6%
Mangudai ×16 · Archer ×14 · Skirmisher ×13
Feudal
8:32
Castle
30:25
Imperial
49:20
| APM avg | 59.0 |
| APM peak | 95 |
| eAPM avg | 24.3 |
| Villagers / military | 125 / 63 |
Focus
⚔️ 25.2% · 🌾 74.8%
Archer ×32 · Mangudai ×15 · Knight ×8 · Monk ×4 · Battering Ram ×3 · Trebuchet (Packed) ×1
Match map
Initial resources + every placement click. Lines = walls · curves = elevation contours. ◆ gold · ⬟ stone · ● berries · ✦ relic · ◌ wall gap
Your base· Open — unwalled flank
El_Ti_Rex's base· Open — 3t gap
Smoothed initial terrain · ◌ = detected wall gap · hover for details
Inputs per minute
— Guthrie_Govan - - El_Ti_Rex
Build order — Guthrie_Govan
First 150 of 276 actions detected
| 0:00 | Create | Villager (Male) |
| 0:01 | Create | Villager (Male) |
| 0:01 | Create | Villager (Male) |
| 0:02 | Build | House |
| 0:05 | Build | House |
| 0:14 | Create | Villager (Male) |
| 1:35 | Create | Villager (Male) |
| 1:50 | Create | Villager (Male) |
| 1:53 | Build | Lumber Camp |
| 2:03 | Create | Villager (Male) |
| 2:03 | Create | Villager (Male) |
| 2:25 | Create | Villager (Male) |
| 2:25 | Create | Villager (Male) |
| 2:45 | Create | Villager (Male) |
| 2:53 | Create | Villager (Male) |
| 2:54 | Create | Villager (Male) |
| 3:14 | Build | House |
| 3:15 | Build | House |
| 3:19 | Create | Villager (Male) |
| 4:22 | Create | Villager (Male) |
| 5:07 | Create | Villager (Male) |
| 5:07 | Create | Villager (Male) |
| 5:10 | Build | Mill |
| 5:41 | Research | Loom |
| 5:45 | Create | Villager (Male) |
| 6:27 | Create | Villager (Male) |
| 7:02 | Build | Town Center |
| 7:32 | Build | Mill |
| 7:54 | Create | Villager (Male) |
| 7:54 | Create | Villager (Male) |
| 7:59 | Create | Villager (Male) |
| 7:59 | Create | Villager (Male) |
| 8:33 | Create | Villager (Male) |
| 8:34 | Create | Villager (Male) |
| 9:21 | Create | Villager (Male) |
| 9:34 | Create | Villager (Male) |
| 11:18 | Research | Feudal Age |
| 11:18 | Research | Feudal Age |
| 11:26 | Build | Mining Camp |
| 11:39 | Build | Lumber Camp |
| 11:58 | Build | Mill |
| 12:41 | Build | Barracks |
| 12:51 | Build | Palisade Wall |
| 12:59 | Create | Villager (Male) |
| 13:03 | Build | Outpost |
| 13:12 | Build | Palisade Wall |
| 13:28 | Age | Feudal Age |
| 13:37 | Build | Watch Tower |
| 13:45 | Build | House |
| 13:48 | Build | House |
| 13:59 | Create | Villager (Male) |
| 14:11 | Research | Town Watch |
| 14:11 | Research | Town Watch |
| 14:15 | Build | Watch Tower |
| 14:17 | Build | Palisade Wall |
| 14:18 | Build | Palisade Wall |
| 14:19 | Build | Palisade Wall |
| 14:21 | Build | Palisade Wall |
| 14:22 | Build | Palisade Wall |
| 14:26 | Build | Palisade Wall |
| 14:28 | Create | Villager (Male) |
| 14:52 | Build | Palisade Wall |
| 14:53 | Build | Palisade Wall |
| 14:54 | Build | Palisade Wall |
| 14:54 | Build | Palisade Wall |
| 14:56 | Build | Palisade Wall |
| 15:21 | Build | Watch Tower |
| 15:33 | Create | Villager (Male) |
| 15:41 | Build | Blacksmith |
| 15:42 | Create | Villager (Male) |
| 15:54 | Build | Watch Tower |
| 16:03 | Create | Villager (Male) |
| 16:11 | Build | House |
| 16:57 | Build | Farm |
| 16:58 | Research | Fletching |
| 16:59 | Research | Fletching |
| 16:59 | Create | Villager (Male) |
| 17:03 | Build | House |
| 17:20 | Build | Watch Tower |
| 17:21 | Create | Villager (Male) |
| 18:08 | Create | Villager (Male) |
| 18:21 | Create | Villager (Male) |
| 18:37 | Create | Villager (Male) |
| 18:47 | Build | Archery Range |
| 19:19 | Build | Watch Tower |
| 19:32 | Create | Villager (Male) |
| 19:39 | Build | Watch Tower |
| 19:52 | Build | Mining Camp |
| 19:55 | Build | Farm |
| 20:02 | Build | House |
| 20:05 | Build | House |
| 20:08 | Build | House |
| 20:34 | Build | Watch Tower |
| 20:37 | Create | Villager (Male) |
| 20:44 | Create | Villager (Male) |
| 20:47 | Build | Farm |
| 20:51 | Create | Villager (Male) |
| 20:59 | Create | Skirmisher |
| 20:59 | Create | Skirmisher |
| 21:32 | Create | Archer |
| 21:36 | Build | House |
| 21:37 | Build | House |
| 21:56 | Create | Villager (Male) |
| 21:58 | Create | Archer |
| 21:58 | Create | Archer |
| 22:13 | Build | House |
| 22:15 | Build | House |
| 22:30 | Build | House |
| 22:31 | Build | House |
| 22:39 | Build | Watch Tower |
| 22:40 | Create | Villager (Male) |
| 22:58 | Build | House |
| 23:11 | Build | Watch Tower |
| 23:22 | Create | Archer |
| 23:23 | Create | Villager (Male) |
| 24:17 | Create | Villager (Male) |
| 24:23 | Build | Mining Camp |
| 25:13 | Build | Mining Camp |
| 26:07 | Create | Villager (Male) |
| 26:10 | Create | Archer |
| 26:11 | Create | Archer |
| 26:11 | Create | Archer |
| 26:28 | Create | Villager (Male) |
| 27:15 | Create | Villager (Male) |
| 27:36 | Create | Archer |
| 27:38 | Create | Archer |
| 27:50 | Create | Villager (Male) |
| 27:54 | Build | Watch Tower |
| 28:08 | Build | Farm |
| 28:09 | Build | Farm |
| 28:12 | Build | Farm |
| 28:17 | Build | Lumber Camp |
| 28:31 | Create | Villager (Male) |
| 29:05 | Create | Archer |
| 29:06 | Create | Archer |
| 29:13 | Build | Farm |
| 29:13 | Create | Villager (Male) |
| 29:49 | Build | Farm |
| 29:50 | Create | Villager (Male) |
| 29:53 | Build | Farm |
| 29:54 | Build | Farm |
| 30:04 | Create | Archer |
| 30:18 | Create | Villager (Male) |
| 30:33 | Build | Farm |
| 30:44 | Create | Skirmisher |
| 30:44 | Create | Skirmisher |
| 31:14 | Build | Market |
| 31:33 | Create | Skirmisher |
| 31:33 | Create | Skirmisher |
| 32:18 | Build | Lumber Camp |
Build order — El_Ti_Rex
First 150 of 338 actions detected
| 0:30 | Create | Villager (Male) |
| 0:31 | Create | Villager (Male) |
| 0:31 | Create | Villager (Male) |
| 0:32 | Build | House |
| 0:33 | Build | House |
| 0:47 | Create | Villager (Male) |
| 2:03 | Create | Villager (Male) |
| 2:23 | Build | Lumber Camp |
| 2:32 | Create | Villager (Male) |
| 2:42 | Build | House |
| 2:51 | Create | Villager (Male) |
| 2:54 | Create | Villager (Male) |
| 3:42 | Create | Villager (Male) |
| 3:42 | Create | Villager (Male) |
| 4:14 | Create | Villager (Male) |
| 4:46 | Create | Villager (Male) |
| 5:27 | Create | Villager (Male) |
| 5:34 | Build | Mill |
| 5:53 | Research | Loom |
| 6:05 | Build | House |
| 6:07 | Build | Palisade Wall |
| 6:22 | Research | Feudal Age |
| 6:40 | Build | Palisade Gate |
| 6:54 | Create | Villager (Male) |
| 6:56 | Build | Palisade Gate |
| 7:09 | Create | Villager (Male) |
| 7:22 | Create | Villager (Male) |
| 7:37 | Build | Lumber Camp |
| 7:43 | Create | Villager (Male) |
| 7:58 | Create | Villager (Male) |
| 8:32 | Age | Feudal Age |
| 8:39 | Research | Double-Bit Axe |
| 8:41 | Create | Villager (Male) |
| 9:22 | Build | Barracks |
| 9:44 | Create | Villager (Male) |
| 9:53 | Build | Palisade Wall |
| 10:27 | Build | Town Center |
| 10:54 | Build | Palisade Wall |
| 11:18 | Build | House |
| 11:19 | Build | House |
| 11:40 | Create | Villager (Male) |
| 11:40 | Create | Villager (Male) |
| 11:51 | Build | House |
| 11:57 | Create | Villager (Male) |
| 12:01 | Build | Mining Camp |
| 12:21 | Create | Villager (Male) |
| 12:41 | Build | Archery Range |
| 12:58 | Build | Mining Camp |
| 13:08 | Create | Villager (Male) |
| 13:34 | Create | Villager (Male) |
| 13:34 | Create | Archer |
| 14:01 | Create | Villager (Male) |
| 14:17 | Build | Lumber Camp |
| 14:21 | Create | Villager (Male) |
| 14:36 | Create | Villager (Male) |
| 14:41 | Build | Watch Tower |
| 14:56 | Build | Watch Tower |
| 15:00 | Create | Archer |
| 15:08 | Create | Villager (Male) |
| 15:21 | Create | Archer |
| 15:37 | Create | Villager (Male) |
| 15:55 | Create | Villager (Male) |
| 16:06 | Build | Watch Tower |
| 16:27 | Create | Villager (Male) |
| 16:28 | Build | House |
| 16:37 | Create | Villager (Male) |
| 16:55 | Create | Villager (Male) |
| 16:57 | Build | House |
| 16:58 | Build | House |
| 17:06 | Create | Villager (Male) |
| 17:45 | Create | Villager (Male) |
| 18:06 | Build | Blacksmith |
| 18:13 | Create | Archer |
| 18:13 | Create | Archer |
| 18:30 | Build | House |
| 18:47 | Build | Watch Tower |
| 18:54 | Create | Villager (Male) |
| 19:03 | Research | Fletching |
| 19:14 | Create | Archer |
| 19:14 | Create | Archer |
| 19:14 | Create | Villager (Male) |
| 19:20 | Create | Archer |
| 19:39 | Create | Villager (Male) |
| 19:40 | Create | Villager (Male) |
| 19:47 | Build | Watch Tower |
| 19:58 | Create | Villager (Male) |
| 20:31 | Create | Villager (Male) |
| 20:50 | Build | Lumber Camp |
| 21:00 | Create | Archer |
| 21:00 | Create | Archer |
| 21:01 | Create | Villager (Male) |
| 21:21 | Build | Mill |
| 21:48 | Create | Villager (Male) |
| 22:00 | Build | Market |
| 22:10 | Create | Villager (Male) |
| 22:17 | Build | Watch Tower |
| 22:29 | Build | House |
| 22:29 | Build | House |
| 22:56 | Create | Villager (Male) |
| 23:04 | Create | Archer |
| 23:04 | Create | Archer |
| 23:06 | Build | Farm |
| 23:07 | Build | Farm |
| 23:07 | Build | Farm |
| 23:07 | Build | Farm |
| 23:08 | Build | Farm |
| 23:08 | Build | Farm |
| 23:08 | Build | Farm |
| 23:17 | Create | Villager (Male) |
| 23:18 | Create | Villager (Male) |
| 23:18 | Create | Villager (Male) |
| 23:26 | Build | Mining Camp |
| 24:02 | Build | Farm |
| 24:19 | Build | Farm |
| 24:20 | Build | Farm |
| 24:35 | Create | Archer |
| 24:35 | Create | Archer |
| 24:45 | Create | Villager (Male) |
| 24:48 | Build | Farm |
| 25:06 | Create | Villager (Male) |
| 25:18 | Create | Archer |
| 25:18 | Create | Archer |
| 25:39 | Create | Archer |
| 25:39 | Create | Villager (Male) |
| 25:40 | Create | Villager (Male) |
| 26:01 | Create | Villager (Male) |
| 26:03 | Build | Mill |
| 26:06 | Build | Farm |
| 26:07 | Build | Farm |
| 26:07 | Build | Farm |
| 26:07 | Build | Farm |
| 26:07 | Build | Farm |
| 26:09 | Build | House |
| 26:29 | Build | Lumber Camp |
| 27:01 | Create | Villager (Male) |
| 27:11 | Create | Archer |
| 27:45 | Research | Castle Age |
| 28:19 | Research | Horse Collar |
| 28:22 | Build | Farm |
| 28:27 | Build | Mining Camp |
| 28:57 | Create | Archer |
| 28:57 | Create | Archer |
| 29:12 | Build | House |
| 29:14 | Build | House |
| 29:27 | Create | Villager (Male) |
| 29:52 | Build | House |
| 29:58 | Build | Mining Camp |
| 30:17 | Build | Lumber Camp |
| 30:25 | Age | Castle Age |
| 30:27 | Research | Bodkin Arrow |
Match timeline
| 6:07 | El_Ti_Rex · wall_segment Palisade Wall x1 |
| 8:32 | El_Ti_Rex · age_up feudal |
| 9:22 | El_Ti_Rex · first_building Barracks |
| 9:53 | El_Ti_Rex · wall_segment Palisade Wall x6 |
| 10:54 | El_Ti_Rex · wall_segment Palisade Wall x5 |
| 12:41 | Guthrie_Govan · first_building Barracks |
| 12:41 | El_Ti_Rex · first_building Archery Range |
| 12:51 | Guthrie_Govan · wall_segment Palisade Wall x4 |
| 13:12 | Guthrie_Govan · wall_segment Palisade Wall x1 |
| 13:28 | Guthrie_Govan · age_up feudal |
| 14:17 | Guthrie_Govan · wall_segment Palisade Wall x1 |
| 14:18 | Guthrie_Govan · wall_segment Palisade Wall x1 |
| 14:19 | Guthrie_Govan · wall_segment Palisade Wall x1 |
| 14:21 | Guthrie_Govan · wall_segment Palisade Wall x1 |
| 14:22 | Guthrie_Govan · wall_segment Palisade Wall x1 |
| 14:26 | Guthrie_Govan · wall_segment Palisade Wall x1 |
| 14:52 | Guthrie_Govan · wall_segment Palisade Wall x1 |
| 14:53 | Guthrie_Govan · wall_segment Palisade Wall x1 |
| 14:54 | Guthrie_Govan · wall_segment Palisade Wall x1 |
| 14:54 | Guthrie_Govan · wall_segment Palisade Wall x1 |
| 14:56 | Guthrie_Govan · wall_segment Palisade Wall x1 |
| 18:47 | Guthrie_Govan · first_building Archery Range |
| 23:16 | El_Ti_Rex · first_market_buy 100 food |
| 24:34 | El_Ti_Rex · first_market_sell 100 wood |
| 30:25 | El_Ti_Rex · age_up castle |
| 30:35 | El_Ti_Rex · first_building Siege Workshop |
| 32:40 | Guthrie_Govan · first_market_buy 100 food |
| 32:43 | Guthrie_Govan · first_market_sell 100 food |
| 34:14 | El_Ti_Rex · first_building Stable |
| 36:32 | Guthrie_Govan · wall_segment Stone Wall x1 |
| 36:34 | Guthrie_Govan · wall_segment Stone Wall x1 |
| 36:48 | Guthrie_Govan · wall_segment Stone Wall x1 |
| 37:15 | Guthrie_Govan · wall_segment Palisade Wall x1 |
| 37:15 | Guthrie_Govan · wall_segment Palisade Wall x1 |
| 37:33 | Guthrie_Govan · age_up castle |
| 37:52 | Guthrie_Govan · first_building Castle |
| 38:06 | El_Ti_Rex · first_building Monastery |
| 42:26 | El_Ti_Rex · first_building Castle |
| 42:49 | Guthrie_Govan · first_building Stable |
| 49:20 | El_Ti_Rex · age_up imperial |
| 49:31 | Guthrie_Govan · resign |
[ AI ANALYSIS · 1 CREDIT ]
What really happened in this match?
Wolo.gg analyzes every decision: build order, eco, micro, common mistakes by bracket. Personalized analysis on WhatsApp or Discord in 30 seconds.
Civ guide
Mongols
Perfil
Jugador #4224302